[ AOE2 MATCH · #505121035 ]
UnrankedBengalis vs Maya
Player's team · LOSS
Rival team · WIN
[ REPLAY ANALYSIS · EXTRACTED FROM THE RECORDED GAME ]
Feudal
13:41
Castle
22:46
Imperial
—
| APM avg | 31.5 |
| APM peak | 77 |
| eAPM avg | 17.5 |
| Villagers / military | 63 / 10 |
Focus
⚔️ 25.2% · 🌾 74.8%
Militia ×6 · Mangonel ×4
Feudal
9:06
Castle
24:31
Imperial
38:38
| APM avg | 57.3 |
| APM peak | 110 |
| eAPM avg | 24.8 |
| Villagers / military | 72 / 43 |
Focus
⚔️ 40.6% · 🌾 59.4%
Archer ×24 · Mangonel ×7 · Monk ×5 · Militia ×5 · Trebuchet (Packed) ×2
Match map
Initial resources + every placement click. Lines = walls · curves = elevation contours. ◆ gold · ⬟ stone · ● berries · ✦ relic · ◌ wall gap
Your base· Open — 3t gap
ferminsin's base· ✓ Closed at 24:31 · 130t walls · 1 gate(s)
Smoothed initial terrain · ◌ = detected wall gap · hover for details
Inputs per minute
— Redwood MC9 - - ferminsin
Build order — Redwood MC9
First 150 of 176 actions detected
| 0:00 | Queue | Villager (Male) |
| 0:01 | Queue | Villager (Male) |
| 0:02 | Build | House |
| 0:03 | Build | House |
| 0:24 | Queue | Villager (Male) ×2 |
| 1:35 | Queue | Villager (Male) |
| 1:44 | Build | House |
| 1:45 | Build | Palisade Wall |
| 1:53 | Queue | Villager (Male) |
| 2:04 | Queue | Villager (Male) |
| 2:04 | Queue | Villager (Male) |
| 2:21 | Build | Palisade Wall |
| 2:25 | Build | Lumber Camp |
| 2:38 | Build | Lumber Camp |
| 2:41 | Queue | Villager (Male) |
| 3:14 | Queue | Villager (Male) |
| 3:45 | Queue | Villager (Male) |
| 3:55 | Build | House |
| 4:13 | Queue | Villager (Male) ×2 |
| 4:46 | Research | Loom |
| 4:54 | Build | Mining Camp |
| 4:57 | Queue | Villager (Male) ×2 |
| 5:26 | Queue | Villager (Male) |
| 5:40 | Queue | Villager (Male) |
| 5:40 | Queue | Villager (Male) |
| 6:18 | Queue | Villager (Male) |
| 6:24 | Build | House |
| 6:30 | Queue | Villager (Male) |
| 6:48 | Queue | Villager (Male) |
| 7:06 | Build | Mill |
| 7:14 | Queue | Villager (Male) |
| 8:10 | Build | Barracks |
| 8:37 | Build | House |
| 8:38 | Build | Palisade Wall |
| 8:44 | Queue | Villager (Male) |
| 8:55 | Queue | Villager (Male) |
| 9:03 | Build | House |
| 9:05 | Queue | Militia |
| 9:05 | Queue | Militia |
| 9:05 | Queue | Militia |
| 9:05 | Queue | Militia |
| 9:25 | Build | Palisade Wall |
| 9:30 | Build | Palisade Wall |
| 9:41 | Build | Palisade Gate |
| 9:48 | Build | Palisade Wall |
| 9:49 | Queue | Villager (Male) |
| 10:05 | Build | House |
| 10:09 | Queue | Villager (Male) |
| 10:17 | Build | Farm |
| 10:33 | Build | Palisade Wall |
| 10:58 | Queue | Villager (Male) |
| 11:08 | Build | Palisade Gate |
| 11:29 | Build | House |
| 11:31 | Research | Feudal Age |
| 11:48 | Build | Palisade Gate |
| 11:50 | Build | House |
| 12:09 | Build | Farm |
| 12:17 | Build | Farm |
| 12:27 | Build | Farm |
| 12:55 | Queue | Militia |
| 12:56 | Queue | Militia |
| 13:07 | Build | House |
| 13:12 | Build | House |
| 13:14 | Build | House |
| 13:18 | Build | House |
| 13:30 | Build | Farm |
| 13:41 | Age | Feudal Age |
| 13:55 | Build | Watch Tower |
| 14:28 | Build | Farm |
| 14:30 | Build | Farm |
| 14:52 | Queue | Villager (Male) |
| 14:57 | Build | Farm |
| 15:17 | Queue | Villager (Male) |
| 15:21 | Build | House |
| 15:21 | Build | Palisade Wall |
| 15:31 | Queue | Villager (Male) |
| 15:40 | Build | Palisade Wall |
| 15:42 | Build | Palisade Wall |
| 15:54 | Build | Blacksmith |
| 15:59 | Build | Palisade Wall |
| 16:11 | Queue | Villager (Male) |
| 16:34 | Queue | Villager (Male) |
| 16:41 | Build | House |
| 16:46 | Queue | Villager (Male) |
| 17:23 | Build | Market |
| 17:26 | Build | Farm |
| 17:29 | Build | Mining Camp |
| 17:36 | Build | House |
| 17:57 | Build | Market |
| 18:03 | Build | Market |
| 18:09 | Build | Mining Camp |
| 18:12 | Build | Mining Camp |
| 18:15 | Build | House |
| 18:19 | Build | House |
| 18:21 | Build | House |
| 18:41 | Queue | Villager (Male) |
| 18:51 | Build | Palisade Wall |
| 18:52 | Build | Palisade Wall |
| 19:33 | Build | Watch Tower |
| 20:06 | Research | Castle Age |
| 20:15 | Build | Palisade Wall |
| 20:54 | Build | Watch Tower |
| 21:27 | Build | House |
| 21:29 | Build | Palisade Wall |
| 21:31 | Build | House |
| 21:36 | Build | Mining Camp |
| 22:01 | Build | Lumber Camp |
| 22:19 | Build | Watch Tower |
| 22:30 | Queue | Villager (Male) |
| 22:37 | Research | Fletching |
| 22:46 | Age | Castle Age |
| 23:18 | Build | Palisade Wall |
| 23:30 | Queue | Villager (Male) |
| 23:31 | Build | Farm |
| 23:43 | Build | Watch Tower |
| 24:00 | Queue | Villager (Male) |
| 24:14 | Build | Farm |
| 24:33 | Queue | Villager (Male) |
| 24:34 | Build | Farm |
| 24:56 | Research | Stone Mining |
| 25:09 | Build | Farm |
| 25:24 | Queue | Villager (Male) |
| 25:28 | Research | Town Watch |
| 25:53 | Build | Farm |
| 26:01 | Research | Bodkin Arrow |
| 26:04 | Build | Farm |
| 26:10 | Build | Farm |
| 26:54 | Build | Palisade Wall |
| 26:56 | Build | Palisade Wall |
| 26:59 | Build | House |
| 27:02 | Build | Palisade Wall |
| 27:13 | Build | Siege Workshop |
| 27:24 | Queue | Villager (Male) |
| 27:32 | Build | Palisade Wall |
| 27:50 | Queue | Mangonel |
| 27:53 | Queue | Villager (Male) |
| 28:12 | Build | Palisade Wall |
| 28:17 | Build | Palisade Wall |
| 28:18 | Build | Palisade Wall |
| 28:25 | Queue | Villager (Male) |
| 28:27 | Build | Farm |
| 28:48 | Queue | Villager (Male) |
| 28:53 | Queue | Mangonel |
| 29:21 | Queue | Villager (Male) |
| 29:26 | Queue | Villager (Male) |
| 29:34 | Build | Farm |
| 29:41 | Research | Gold Mining |
| 30:14 | Queue | Villager (Male) |
| 30:19 | Research | Double-Bit Axe |
| 30:22 | Queue | Villager (Male) |
Build order — ferminsin
First 150 of 235 actions detected
| 0:01 | Queue | Villager (Male) |
| 0:02 | Research | Loom |
| 0:02 | Research | Loom |
| 0:05 | Build | House |
| 0:07 | Build | House |
| 0:13 | Queue | Villager (Male) |
| 0:13 | Queue | Villager (Male) |
| 0:17 | Queue | Villager (Male) |
| 1:21 | Queue | Villager (Male) |
| 1:50 | Queue | Villager (Male) |
| 1:56 | Build | Lumber Camp |
| 2:19 | Queue | Villager (Male) |
| 2:35 | Queue | Villager (Male) |
| 3:03 | Build | House |
| 3:08 | Queue | Villager (Male) |
| 3:18 | Build | House |
| 3:35 | Queue | Villager (Male) |
| 4:00 | Queue | Villager (Male) |
| 4:41 | Queue | Villager (Male) |
| 4:41 | Queue | Villager (Male) |
| 4:41 | Queue | Villager (Male) |
| 5:19 | Queue | Villager (Male) |
| 5:29 | Queue | Villager (Male) |
| 5:29 | Queue | Villager (Male) |
| 5:45 | Queue | Villager (Male) |
| 5:56 | Build | Barracks |
| 6:56 | Research | Feudal Age |
| 7:01 | Build | House |
| 7:03 | Build | Palisade Wall |
| 7:07 | Queue | Militia |
| 7:07 | Queue | Militia |
| 7:23 | Queue | Militia |
| 7:24 | Queue | Militia |
| 7:47 | Build | Mining Camp |
| 7:48 | Queue | Militia |
| 7:52 | Build | Palisade Wall |
| 7:53 | Build | Palisade Wall |
| 8:23 | Queue | Villager (Male) |
| 8:44 | Build | House |
| 9:06 | Age | Feudal Age |
| 9:08 | Research | Man-at-Arms (upgrade) |
| 9:08 | Research | Man-at-Arms (upgrade) |
| 9:19 | Queue | Villager (Male) |
| 9:28 | Build | Mining Camp |
| 9:34 | Queue | Villager (Male) |
| 9:42 | Research | Double-Bit Axe |
| 9:45 | Build | Palisade Wall |
| 10:02 | Build | House |
| 10:05 | Queue | Villager (Male) |
| 10:05 | Queue | Villager (Male) |
| 10:18 | Build | Watch Tower |
| 10:36 | Queue | Villager (Male) |
| 10:36 | Queue | Villager (Male) |
| 10:43 | Build | House |
| 11:14 | Build | Palisade Wall |
| 11:15 | Build | Palisade Wall |
| 11:16 | Build | Palisade Wall |
| 11:19 | Build | Palisade Wall |
| 11:20 | Build | Palisade Wall |
| 11:30 | Queue | Villager (Male) |
| 11:41 | Build | House |
| 11:57 | Queue | Villager (Male) |
| 11:57 | Queue | Villager (Male) |
| 12:04 | Build | House |
| 12:07 | Build | Palisade Wall |
| 12:14 | Build | House |
| 12:17 | Build | Archery Range |
| 12:20 | Queue | Villager (Male) |
| 12:29 | Queue | Villager (Male) |
| 12:29 | Queue | Villager (Male) |
| 12:49 | Queue | Villager (Male) |
| 12:58 | Build | Gate |
| 13:07 | Build | House |
| 13:13 | Queue | Archer |
| 13:13 | Queue | Archer |
| 13:24 | Build | Watch Tower |
| 13:24 | Queue | Villager (Male) |
| 13:24 | Queue | Villager (Male) |
| 13:42 | Queue | Archer |
| 14:00 | Build | Mill |
| 14:09 | Queue | Archer |
| 14:10 | Queue | Archer |
| 14:10 | Queue | Archer |
| 14:38 | Build | Blacksmith |
| 14:42 | Build | Farm |
| 14:43 | Build | Farm |
| 14:44 | Build | Farm |
| 14:44 | Build | Farm |
| 14:59 | Queue | Archer |
| 15:17 | Build | Farm |
| 15:20 | Build | House |
| 15:24 | Build | Palisade Wall |
| 15:37 | Queue | Villager (Male) |
| 15:37 | Queue | Villager (Male) |
| 15:47 | Build | Farm |
| 15:48 | Build | Farm |
| 16:04 | Queue | Villager (Male) |
| 16:17 | Build | House |
| 16:18 | Queue | Archer |
| 16:27 | Build | Farm |
| 16:42 | Build | House |
| 16:43 | Queue | Villager (Male) |
| 16:54 | Queue | Archer |
| 17:06 | Build | House |
| 17:06 | Queue | Villager (Male) |
| 17:06 | Queue | Villager (Male) |
| 17:10 | Queue | Villager (Male) |
| 17:24 | Queue | Archer |
| 17:28 | Build | Farm |
| 17:30 | Build | Farm |
| 17:31 | Queue | Villager (Male) |
| 18:08 | Build | Outpost |
| 18:15 | Queue | Villager (Male) |
| 18:27 | Build | House |
| 18:28 | Build | Palisade Wall |
| 18:29 | Build | Palisade Wall |
| 18:30 | Build | Palisade Wall |
| 18:38 | Build | House |
| 18:38 | Build | Palisade Wall |
| 18:39 | Build | Palisade Wall |
| 18:42 | Build | Palisade Wall |
| 18:50 | Queue | Villager (Male) |
| 18:55 | Build | Palisade Wall |
| 19:10 | Build | Palisade Wall |
| 19:16 | Queue | Archer |
| 19:26 | Queue | Villager (Male) |
| 19:29 | Build | Market |
| 19:46 | Build | Watch Tower |
| 19:50 | Queue | Villager (Male) |
| 19:56 | Build | Lumber Camp |
| 20:34 | Build | Watch Tower |
| 20:45 | Queue | Villager (Male) |
| 20:53 | Build | Stone Wall |
| 21:16 | Queue | Villager (Male) |
| 21:51 | Research | Castle Age |
| 21:52 | Research | Castle Age |
| 22:03 | Build | Stone Wall |
| 22:06 | Build | Stone Wall |
| 22:07 | Build | Stone Wall |
| 22:17 | Research | Fletching |
| 22:18 | Research | Fletching |
| 22:22 | Queue | Archer |
| 22:30 | Build | Stone Wall |
| 22:51 | Build | House |
| 23:06 | Build | Watch Tower |
| 23:18 | Queue | Archer |
| 23:30 | Queue | Archer |
| 23:50 | Build | Stone Wall |
| 23:53 | Build | Stone Wall |
| 23:53 | Build | Stone Wall |
Match timeline
| 1:45 | Redwood MC9 · wall_segment Palisade Wall x4 |
| 2:21 | Redwood MC9 · wall_segment Palisade Wall x5 |
| 5:56 | ferminsin · first_building Barracks |
| 7:03 | ferminsin · wall_segment Palisade Wall x1 |
| 7:52 | ferminsin · wall_segment Palisade Wall x1 |
| 7:53 | ferminsin · wall_segment Palisade Wall x1 |
| 8:10 | Redwood MC9 · first_building Barracks |
| 8:38 | Redwood MC9 · wall_segment Palisade Wall x6 |
| 9:06 | ferminsin · age_up feudal |
| 9:25 | Redwood MC9 · wall_segment Palisade Wall x1 |
| 9:30 | Redwood MC9 · wall_segment Palisade Wall x7 |
| 9:45 | ferminsin · wall_segment Palisade Wall x5 |
| 9:48 | Redwood MC9 · wall_segment Palisade Wall x6 |
| 10:33 | Redwood MC9 · wall_segment Palisade Wall x3 |
| 11:14 | ferminsin · wall_segment Palisade Wall x1 |
| 11:15 | ferminsin · wall_segment Palisade Wall x1 |
| 11:16 | ferminsin · wall_segment Palisade Wall x1 |
| 11:19 | ferminsin · wall_segment Palisade Wall x1 |
| 11:20 | ferminsin · wall_segment Palisade Wall x1 |
| 12:07 | ferminsin · wall_segment Palisade Wall x1 |
| 12:17 | ferminsin · first_building Archery Range |
| 13:41 | Redwood MC9 · age_up feudal |
| 15:21 | Redwood MC9 · wall_segment Palisade Wall x9 |
| 15:24 | ferminsin · wall_segment Palisade Wall x3 |
| 15:40 | Redwood MC9 · wall_segment Palisade Wall x1 |
| 15:42 | Redwood MC9 · wall_segment Palisade Wall x1 |
| 15:59 | Redwood MC9 · wall_segment Palisade Wall x1 |
| 18:28 | ferminsin · wall_segment Palisade Wall x5 |
| 18:29 | ferminsin · wall_segment Palisade Wall x9 |
| 18:30 | ferminsin · wall_segment Palisade Wall x13 |
| 18:38 | ferminsin · wall_segment Palisade Wall x6 |
| 18:39 | ferminsin · wall_segment Palisade Wall x1 |
| 18:42 | ferminsin · wall_segment Palisade Wall x5 |
| 18:51 | Redwood MC9 · wall_segment Palisade Wall x1 |
| 18:52 | Redwood MC9 · wall_segment Palisade Wall x1 |
| 18:55 | ferminsin · wall_segment Palisade Wall x1 |
| 19:10 | ferminsin · wall_segment Palisade Wall x1 |
| 19:41 | Redwood MC9 · first_market_sell 100 stone |
| 19:42 | Redwood MC9 · first_market_buy 100 food |
| 20:15 | Redwood MC9 · wall_segment Palisade Wall x1 |
| 20:40 | ferminsin · first_market_buy 100 food |
| 20:41 | ferminsin · first_market_sell 100 wood |
| 20:53 | ferminsin · wall_segment Stone Wall x10 |
| 21:29 | Redwood MC9 · wall_segment Palisade Wall x2 |
| 22:03 | ferminsin · wall_segment Stone Wall x17 |
| 22:06 | ferminsin · wall_segment Stone Wall x4 |
| 22:07 | ferminsin · wall_segment Stone Wall x8 |
| 22:30 | ferminsin · wall_segment Stone Wall x11 |
| 22:46 | Redwood MC9 · age_up castle |
| 23:18 | Redwood MC9 · wall_segment Palisade Wall x1 |
| 23:50 | ferminsin · wall_segment Stone Wall x8 |
| 23:53 | ferminsin · wall_segment Stone Wall x12 |
| 23:53 | ferminsin · wall_segment Stone Wall x6 |
| 24:05 | ferminsin · wall_segment Stone Wall x8 |
| 24:31 | ferminsin · age_up castle |
| 24:35 | ferminsin · first_building Monastery |
| 24:38 | ferminsin · first_building Siege Workshop |
| 26:54 | Redwood MC9 · wall_segment Palisade Wall x1 |
| 26:56 | Redwood MC9 · wall_segment Palisade Wall x1 |
| 27:02 | Redwood MC9 · wall_segment Palisade Wall x3 |
| 27:13 | Redwood MC9 · first_building Siege Workshop |
| 27:32 | Redwood MC9 · wall_segment Palisade Wall x6 |
| 28:12 | Redwood MC9 · wall_segment Palisade Wall x4 |
| 28:17 | Redwood MC9 · wall_segment Palisade Wall x1 |
| 28:18 | Redwood MC9 · wall_segment Palisade Wall x1 |
| 34:18 | ferminsin · first_building Castle |
| 34:26 | Redwood MC9 · first_building Castle |
| 37:25 | ferminsin · wall_segment Stone Wall x9 |
| 38:38 | ferminsin · age_up imperial |
| 38:43 | Redwood MC9 · resign |
[ AI ANALYSIS · 1 CREDIT ]
What really happened in this match?
Wolo.gg analyzes every decision: build order, eco, micro, common mistakes by bracket. Personalized analysis on WhatsApp or Discord in 30 seconds.
Civ guide
Bengalis
Perfil
Jugador #10953296